 Dungeon Crawl Stone Soup version 0.29.0-11-gd7f09526c8 (webtiles) character file.

Game seed: 1281535861924406117

1576 groovy9 the Chopper (level 8, -1/79 HPs)
             Began as a Troll Fighter on Sept 5, 2022.
             Was a Priest of Okawaru.
             Slain by an orc
             ... wielding a +2 vorpal trident
              (2 damage)
             ... on level 6 of the Dungeon on Sept 6, 2022.
             The game lasted 00:54:01 (4140 turns).

groovy9 the Chopper (Troll Fighter)                 Turns: 4140, Time: 00:54:04

Health: -1/79      AC:  6    Str: 32    XL:     8   Next: 60%
Magic:  7/7        EV:  9    Int:  8    God:    Okawaru [***...]
Gold:   439        SH:  7    Dex:  8    Spells: 7/7 levels left

rFire   . . .      SeeInvis .   a - +0 war axe (venom)
rCold   + . .      Faith    +   c - +0 kite shield
rNeg    + . .      Spirit   .   b - +1 robe
rPois   .          Reflect  .   h - +1 hat
rElec   .          Harm     .   (no cloak)
rCorr   .          Rampage  .   (gloves unavailable)
Will    .....                   (boots unavailable)
Stlth   +.........              f - amulet of faith
HPRegen 1.03/turn               k - +6 ring of strength
MPRegen 0.10/turn               d - ring of positive energy

@: no status effects
A: large, unfitting armour, claws 3, regeneration 1, shaggy fur 1, tough skin 1,
clever 1, cold resistance 1
a: Renounce Religion, Heroism


You were on level 6 of the Dungeon.
You worshipped Okawaru.
Okawaru was most pleased with you.
You visited 2 branches of the dungeon, and saw 7 of its levels.

You collected 439 gold pieces.

Inventory:

Hand Weapons
 a - a +0 war axe of venom (weapon)
 q - a +0 broad axe
Missiles
 o - 2 throwing nets
Armour
 b - a +1 robe (worn)
 c - a +0 kite shield (worn)
 h - a +1 hat (worn)
Jewellery
 d - a ring of positive energy (right claw)
 f - an amulet of faith (around neck)
 g - a ring of poison resistance
 k - a +6 ring of strength (left claw)
Wands
 e - a wand of digging (2)
 n - a wand of mindburst (11) (quivered)
 u - a wand of paralysis (10)
 v - a wand of quicksilver (14)
Scrolls
 t - a scroll of immolation
Potions
 j - a potion of brilliance
 p - a potion of cancellation
 s - a potion of degeneration {unknown}


   Skills:
 + Level 4.5 Fighting
 + Level 6.7 Axes
 + Level 4.2 Dodging
 + Level 0.4 Stealth
 + Level 4.5 Shields


You had 7 spell levels left.
You didn't know any spells.
Your spell library contained the following spells:

 Spells                   Type           Power      Damage    Failure   Level
 Magic Dart               Conj           0%         1d3       69%         1
 Searing Ray              Conj           0%         2d4       83%         2
 Dazzling Flash           Conj/Hex       0%         N/A       96%         3
 Fulminant Prism          Conj/Hex       0%         3d6       100%        4
 Iskenderun's Mystic Bla  Conj/Tloc      0%         2d3       100%        4
 Starburst                Conj/Fire      0%         6d3       100%        6


Dungeon Overview and Level Annotations

Branches:
Dungeon (6/15)             Temple (1/1) D:4

Altars:
Ashenzari
Cheibriados
Elyvilon
Fedhas
Gozag
Hepliaklqana
Kikubaaqudgha
Nemelex Xobeh
Okawaru
Sif Muna
Trog
Vehumet
Wu Jian
Xom
Zin


Innate Abilities, Weirdness & Mutations

You are too large for most types of armour.
You have claws for hands.
Your natural rate of healing is unusually fast.
You are covered in fur. (AC +1)
You have tough skin. (AC +1)
Your mind is acute. (Int +4, Str/Dex -1)
Your flesh is cold resistant. (rC+)


Message History

You closely miss the shadow imp. The orc priest hits you with a +0 club.
* * * LOW HITPOINT WARNING * * *
The shadow imp hits you.
* * * LOW HITPOINT WARNING * * *
The shadow imp barely misses you. You block the orc priest's attack.
Really read the scroll of immolation? [Y]es or [N]o only, please.
Really read the scroll of immolation?
Okay, then.
You completely miss the orc priest.
The orc priest is almost dead.
You hit the shadow imp.
You kill the shadow imp!
Okawaru accepts your kill.
You kill the orc priest!
Okawaru accepts your kill.
You barely miss the orc. The orc hits you with a +0 mace.
* * * LOW HITPOINT WARNING * * *
The orc hits you from afar with a +2 vorpal trident.
* * * LOW HITPOINT WARNING * * *
x2 An orc comes into view. It is wielding a +0 hand axe.
You slash the orc!
You kill the orc!
Okawaru accepts your kill.
You hit the orc but do no damage. You block the orc's attack. x2
The orc completely misses you. The orc hits you but does no damage.
The orc barely misses you.
You closely miss the orc. x2; The orc hits you with a +0 dagger.
* * * LOW HITPOINT WARNING * * *
The orc hits you from afar with a +2 vorpal trident.
* * * LOW HITPOINT WARNING * * *
x2 The orc hits you but does no damage.
You slice the orc!!
You kill the orc!
Okawaru accepts your kill.
You hit the orc but do no damage.
The orc is poisoned.
The orc barely misses you.
The orc hits you from afar with a +2 vorpal trident.
* * * LOW HITPOINT WARNING * * *
You die...

..... ##§§§§§##
#..#..##§§#§#§.#
##....§§§...§.# .
#..#..#####'##### #.
o......#....†# ..
#'######.....o##.....##
#
#......'......#..#.#..#
#
#......########...#...#
# #.o)o@)...'†.#.#..# #
#†.####o####.....## #
#..$$..# ##....##...##
# #......###......##.##
###
#########..#..#..###
#.. #...##...# #.#
#...##...# #.#
#..#..#..# #####.#
##)..)†.####†.....


You could see 3 orcs.

Vanquished Creatures
  Grinder (D:3)
  A steam dragon (D:6)
  An orc warrior (D:6)
  A black bear (D:6)
  2 ogres (D:5)
  A bullfrog (D:6)
  2 scorpions
  A gnoll bouda (D:5)
  3 jellies
  4 hounds
  4 orc priests
  Natasha (twice) (D:3)
  Terence (D:2)
  5 gnolls (D:5)
  12 adders
  2 shadow imps
  2 white imps
  2 dart slugs
  18 orcs
  5 ball pythons
  4 endoplasms (D:2)
  4 giant cockroaches
  6 goblins
  2 hobgoblins
  2 jackals (D:2)
  2 quokkas
  5 bats
  4 frilled lizards
  6 rats
105 creatures vanquished.

Vanquished Creatures (others)
  An adder (D:6)
1 creature vanquished.

Grand Total: 106 creatures vanquished

Notes
Turn   | Place    | Note
-------+----------+-------------------------------------------
     0 | D:1      | groovy9 the Troll Fighter began the quest for the Orb.
     0 | D:1      | Reached XP level 1. HP: 22/22 MP: 0/0
   268 | D:1      | Reached XP level 2. HP: 29/29 MP: 1/1
   727 | D:1      | Found a faded altar of an unknown god.
   896 | D:2      | Noticed Terence
   940 | D:2      | Reached XP level 3. HP: 26/36 MP: 2/2
  1023 | D:2      | Reached skill level 2 in Axes
  1033 | D:2      | Killed Terence
  1181 | D:2      | Reached XP level 4. HP: 45/45 MP: 3/3
  1333 | D:2      | Gained mutation: Your mind is acute. (Int +4, Str/Dex -1)
                  | [potion of mutation]
  1333 | D:2      | Gained mutation: Your flesh is cold resistant. (rC+)
                  | [potion of mutation]
  1592 | D:3      | Noticed Natasha
  1602 | D:3      | Killed Natasha
  1728 | D:3      | Reached skill level 3 in Axes
  1763 | D:3      | Reached XP level 5. HP: 53/53 MP: 4/4
  1816 | D:3      | Noticed Grinder
  1830 | D:3      | Paralysed by Grinder for 2 turns
  1855 | D:3      | Paralysed by Grinder for 3 turns
  1861 | D:3      | Paralysed by Grinder for 3 turns
  1867 | D:3      | Killed Grinder
  1868 | D:3      | Reached skill level 4 in Axes
  1868 | D:3      | Reached XP level 6. HP: 28/61 MP: 5/5
  2026 | D:3      | Noticed Natasha
  2031 | D:3      | Killed Natasha
  2201 | D:4      | Found a staircase to the Ecumenical Temple.
  2240 | Temple   | Entered the Ecumenical Temple
  2378 | Temple   | Became a worshipper of Warmaster Okawaru
  2944 | D:5      | Entered Level 5 of the Dungeon
  3089 | D:5      | Reached XP level 7. HP: 67/67 MP: 6/6
  3162 | D:5      | Found a shimmering blue altar of Sif Muna.
  3242 | D:5      | Reached * piety under Okawaru
  3243 | D:5      | Reached skill level 5 in Axes
  3954 | D:6      | Reached XP level 8. HP: 73/78 MP: 7/7
  3977 | D:6      | Reached ** piety under Okawaru
  4014 | D:6      | Reached skill level 6 in Axes
  4095 | D:6      | HP: 3/78 [black bear (2)]
  4098 | D:6      | Reached *** piety under Okawaru
  4140 | D:6      | HP: 1/79 [orc/+2 vorpal trident (4)]
  4140 | D:6      | Slain by an orc

Illustrated notes

Levels and vault maps discovered:
D:1:      psy_arrival_statuary, layout_basic,
          hellmonk_ecumenical_altar_inner_sanctum
D:2:      layout_rooms, nrook_campfire, uniq_terence
D:3:      layout_rooms, portal_sewer_entry_d, kennysheep_generic_room_8,
          uniq_natasha, uniq_grinder
D:4:      layout_gridville, minmay_temple_entry_water_ring
D:5:      layout_layer_cave, old_standard_altar
D:6:      minmay_polygon_palace, layout_basic
Temple:   mainiacjoe_temple_bowtie_tessellation

Skill      XL: |  1  2  3  4  5  6  7  8 |
---------------+-------------------------+-----
Shields        | 3 4 |  4.5
Axes           | 2 3 4 5 6 |  6.7
Fighting       | 3 4 |  4.5
Dodging        | 3 4 |  4.2
Stealth        | |  0.4

Action                   |  1- 3 |  4- 6 |  7- 9 || total
-------------------------+-------+-------+-------++-------
Melee: War axe           |    70 |   117 |   113 ||   300
Evoke: Wand              |       |       |     2 ||     2
  Use: Potion            |     7 |     3 |     5 ||    15
       Scroll            |     5 |     3 |     1 ||     9
Armor: Robe              |    36 |    30 |    46 ||   112
Dodge: Dodged            |    29 |    44 |    67 ||   140
Block: Kite shield       |    36 |    48 |    68 ||   152
